 Dungeon Crawl Stone Soup version 0.18-a0-1292-ge8ad84c (webtiles) character file.

84 Neano the Magician (level 4, 0/30 HPs)
             Began as a Human Wizard on Feb 10, 2016.
             Slain by a worm (10 damage)
             ... on level 3 of the Dungeon.
             The game lasted 00:28:24 (3046 turns).

Neano the Magician (Human Wizard)                   Turns: 3046, Time: 00:28:24

Health: 0/30       AC:  3    Str:  7    XL:     4   Next: 72%
Magic:  0/9        EV: 11    Int: 20    God:
Gold:   193        SH:  0    Dex: 11    Spells: 2 memorised, 7 levels left

rFire  . . .     SeeInvis .     C - +0 short sword
rCold  . . .     Gourm    .     y - +0 leather armour
rNeg   . . .     Faith    .     (no shield)
rPois  .         Spirit   .     b - +0 hat
rElec  .         Dismiss  .     (no cloak)
rCorr  .         Reflect  .     (no gloves)
SustAt .         Harm     .     (no boots)
MR     .....                    A - amulet of rage
Stlth  ++........               (no ring)
                                (no ring)

@: very slightly contaminated, not resistant to hostile enchantments, unstealthy
A: no striking features
a: Evoke Berserk Rage


You were on level 3 of the Dungeon.
You were hungry.

You visited 1 branch of the dungeon, and saw 3 of its levels.

You collected 193 gold pieces.

Inventory:

Hand Weapons
 f - a +0 dagger
 g - a +0 dagger
 h - a +0 dagger
 l - a +0 short sword
 o - a +0 dagger
 p - a +0 dagger
 r - a +0 spear
 t - a +0 dagger
 C - a +0 short sword (weapon)
 D - a +0 mace
 E - a +2 mace of crushing
Missiles
 e - 17 arrows of dispersal
 m - 6 tomahawks (quivered)
 s - 8 curare-tipped needles
Armour
 a - a +0 robe
 b - a +0 hat (worn)
 y - a +0 leather armour (worn)
 F - a +0 leather armour
Jewellery
 A - an amulet of rage (around neck)
Scrolls
 j - a scroll of identify {unknown}
 n - a scroll of enchant armour {unknown}
 q - a scroll of magic mapping {unknown}
 G - a scroll of recharging {unknown}
Potions
 k - a potion of heal wounds
 u - a potion of brilliance {unknown}
 v - a potion of invisibility {unknown}
 x - 3 potions of degeneration {unknown}
 z - a potion of curing {unknown}
 B - a potion of lignification {unknown}
Books
 c - a book of Minor Magic

   Spells                             Type                      Level
   a - Magic Dart                     Conjuration                  1
   b - Blink                          Translocation                2
   c - Call Imp                       Summoning                    2
   d - Repel Missiles                 Charms/Air                   2
   e - Slow                           Hexes                        2
   f - Conjure Flame                  Conjuration/Fire             3
   g - Mephitic Cloud                 Conjuration/Poison/Air       3
Comestibles
 d - a bread ration
 i - 4 fruits
 w - a slice of pizza


   Skills:
 + Level 0.2 Fighting
 + Level 0.2 Short Blades
 + Level 0.4 Armour
 + Level 2.5 Dodging
 + Level 2.3 Stealth
 + Level 3.9 Spellcasting
 + Level 1.1 Conjurations
 + Level 2.0 Summonings
   Level 1.0 Translocations


You had 7 spell levels left.
You knew the following spells:

 Your Spells              Type           Power        Failure   Level  Hunger
a - Magic Dart            Conj           #...         14%         1    None
b - Call Imp              Summ           ##......     17%         2    ##.....


Dungeon Overview and Level Annotations

Branches:
Dungeon (3/15)

Altars:
Nemelex Xobeh


Message History

You miss the giant gecko.
The giant gecko is heavily wounded.
The giant gecko bites you.
Your crimson imp hits the worm but does no damage.
The giant gecko bites you.
Your crimson imp hits the worm but does no damage.
You hit the giant gecko.
You kill the giant gecko!
The worm bites you!
Your crimson imp hits the worm.
You hit the kobold but do no damage. The kobold hits you with a whip.
Your crimson imp barely misses the worm.
You hit the kobold.
The kobold is moderately wounded.
The worm barely misses you. The kobold closely misses you.
Your crimson imp blinks!
Casting: Call Imp
Confirm with . or Enter, or press ? or * to list all spells.
A beastly little devil appears in a puff of flame.
The kobold closely misses you. The worm bites you!
You die...

#.=# #..# #..#
#.####..## #........#
..######...#########
....<..5.....<.....# #..
<#.#####w#.#######.# #.#
#@#.# #.# #.# #K#.# #.#
#.# #K#.# #.# #.#
#5#.#######.####.#
#.#..............#
.K......#########.......
######### ########


You could see a worm, 2 kobolds and 2 friendly crimson imps.

Vanquished Creatures
  An adder (D:2)
  A worm (D:2)
  A giant gecko (D:3)
  6 bats
  7 goblins
  A hobgoblin (D:2)
  2 giant newts
  3 kobolds
  2 rats
24 creatures vanquished.

Vanquished Creatures (collateral kills)
  An orc priest (D:3)
  3 adders (D:2)
  A worm (D:2)
  2 giant geckos
  3 orcs (D:3)
  2 bats (D:1)
  2 giant cockroaches (D:1)
  4 goblins
  3 hobgoblins
  2 kobolds
  A ball python (D:1)
  2 rats (D:1)
26 creatures vanquished.

Vanquished Creatures (others)
  A hobgoblin (D:2)
1 creature vanquished.

Grand Total: 51 creatures vanquished

Notes
Turn   | Place    | Note
--------------------------------------------------------------
     0 | D:1      | Neano the Human Wizard began the quest for the Orb.
     0 | D:1      | Reached XP level 1. HP: 13/13 MP: 4/4
     0 | D:1      | Noticed a minotaur
     0 | D:1      | Noticed a naga
     1 | D:1      | Noticed a formicid
     3 | D:1      | Noticed a draconian
     5 | D:1      | Noticed an octopode
    10 | D:1      | Noticed an ogre
    10 | D:1      | Noticed a naga
    12 | D:1      | Noticed a vine stalker
    13 | D:1      | Noticed a vampire
    14 | D:1      | Noticed a dwarf
    16 | D:1      | Noticed an ogre
    18 | D:1      | Noticed a vine stalker
   200 | D:1      | Reached XP level 2. HP: 19/19 MP: 1/6
   249 | D:1      | Learned a level 2 spell: Call Imp
   871 | D:1      | Reached XP level 3. HP: 24/24 MP: 2/8
  1407 | D:2      | Found a faded altar to an unknown god.
  2068 | D:2      | Reached XP level 4. HP: 26/30 MP: 3/9
  2403 | D:2      | Found a sparkling altar of Nemelex Xobeh.
  3046 | D:3      | Slain by a worm

Vault maps used:
D:1:      shiori_arrival_whats_in_store_for_you
D:2:      nemelex_altar_shiori, ecumenical_altar_2, kennysheep_boxes
D:3:      kennysheep_ying_yang

Action                   |  1- 3 |  4- 6 || total
-------------------------+-------+-------++-------
Melee: Unarmed           |     5 |       ||     5
       Dagger            |    18 |       ||    18
       Short sword       |    13 |    35 ||    48
 Cast: Magic Dart        |    34 |     3 ||    37
       Call Imp          |    25 |    13 ||    38
  Use: Potion            |       |     1 ||     1
  Eat: Chunk             |     3 |     4 ||     7
